 Dungeon Crawl Stone Soup version 0.29.1-1-gd02db6906a (webtiles) character file.

Game seed: 17502585015135620875

826 raistware the Magician (level 8, -6/52 HPs)
             Began as a Human Earth Elementalist on Oct 3, 2022.
             Mangled by an orc warrior
             ... wielding a +0 morningstar
              (12 damage)
             ... on level 5 of the Dungeon.
             The game lasted 00:11:54 (5390 turns).

raistware the Magician (Human Earth Elementalist)   Turns: 5390, Time: 00:11:54

Health: -6/52      AC:  6    Str:  8    XL:     8   Next: 17%
Magic:  8/15       EV: 13    Int: 19    God:
Gold:   262        SH:  0    Dex: 13    Spells: 2/17 levels left

rFire   . . .      SeeInvis .   h - +2 dagger (venom)
rCold   . . .      Faith    .   (no shield)
rNeg    . . .      Spirit   .   a - +0 robe
rPois   .          Reflect  .   (no helmet)
rElec   .          Harm     .   (no cloak)
rCorr   .          Rampage  .   (no gloves)
Will    .....                   (no boots)
Stlth   ++........              (no amulet)
HPRegen 0.17/turn               c - +4 ring of protection
MPRegen 0.14/turn               (no ring)

@: no status effects
A: no striking features
a: no special abilities


You were on level 5 of the Dungeon.
You visited 1 branch of the dungeon, and saw 5 of its levels.

You collected 262 gold pieces.

Inventory:

Hand Weapons
 h - a +2 dagger of venom (weapon)
 k - a +0 quarterstaff
Missiles
 i - a poisoned dart
Armour
 a - a +0 robe (worn)
Jewellery
 c - a +4 ring of protection (left hand)
 s - a ring of willpower
Scrolls
 d - 3 scrolls of identify {unknown}
 f - 2 scrolls of noise {unknown}
 j - a scroll of enchant armour {unknown}
 l - a scroll of amnesia {unknown}
 o - a scroll of blinking {unknown}
 p - a scroll of teleportation {unknown}
 q - a scroll of butterflies {unknown}
Potions
 b - 2 potions of magic
 e - 3 potions of curing
 g - 3 potions of berserk rage {unknown}
 m - 2 potions of brilliance {unknown}
 r - a potion of attraction {unknown}


   Skills:
 - Level 4.0 Dodging
 - Level 2.0 Stealth
 + Level 5.1 Spellcasting
 + Level 3.3 Conjurations
 + Level 3.2 Transmutations
 + Level 1.3 Fire Magic
 - Level 4.0 Earth Magic


You had 2 spell levels left.
You knew the following spells:

 Your Spells              Type           Power      Damage    Failure   Level
a - Sandblast             Erth           40%        2d10      2%          1
b - Passwall              Tmut/Erth      15%        N/A       4%          2
c - Stone Arrow           Conj/Erth      36%        3d9       9%          3
d - Petrify               Tmut/Erth      18%        N/A       26%         4
e - Fireball              Conj/Fire      6%         3d5       78%         5

Your spell library contained the following spells:

 Spells                   Type           Power      Damage    Failure   Level
 Sublimation of Blood     Necr           4%         N/A       19%         2
 Irradiate                Conj/Tmut      8%         3d14      65%         5
 Starburst                Conj/Fire      6%         6d4       100%        6
 Ignition                 Fire           4%         3d4       100%        8


Dungeon Overview and Level Annotations

Branches:
Dungeon (5/15)
 Temple: D:4-7

Altars:
Ashenzari
Kikubaaqudgha

Annotations:
D:5 Grinder


Message History

You hit the orc priest but do no damage.
The orc priest looks as sick as possible!
The orc priest is severely wounded.
The orc priest calls down the wrath of Beogh upon you.
Beogh smites you!
You are too injured to fight recklessly!
Casting: Sandblast (safe; 2% risk of failure)
Confirm with . or Enter, or press ? or * to list all spells.
Aiming: Sandblast (safe; 2% risk of failure)
Press: ? - help, Shift-Dir - straight line, f/p - orc priest
Aim: an orc priest, wielding a +0 club and wearing a +0 scale mail (severely wounded, extremely poisoned, 85% to hit)
The blast of sand hits the orc priest but does no damage.
The orc priest is severely wounded.
You kill the orc priest!
Casting: Sandblast (safe; 2% risk of failure)
Confirm with . or Enter, or press ? or * to list all spells.
Aiming: Sandblast (safe; 2% risk of failure)
Press: ? - help, Shift-Dir - straight line, f - orc warrior
Aim: an orc warrior, wielding a +0 morningstar and wearing a +0 plate armour (83% to hit)
The blast of sand hits the orc warrior!
The orc warrior is moderately wounded.
The orc warrior hits you with a +0 morningstar!
* * * LOW HITPOINT WARNING * * *
You feel much better.
The orc warrior hits you with a +0 morningstar!
* * * LOW HITPOINT WARNING * * *
Casting: Sandblast (safe; 2% risk of failure)
Confirm with . or Enter, or press ? or * to list all spells.
The spell is quite dangerous to miscast (26% risk of failure)!
Continue anyway?
Aiming: Petrify (quite dangerous; 26% risk of failure)
Press: ? - help, Shift-Dir - straight line, f/p - orc warrior
Aim: an orc warrior, wielding a +0 morningstar and wearing a +0 plate armour (moderately wounded, chance to affect: 50%)
The orc warrior resists with significant effort.
An orc wizard comes into view. It is wielding a +0 dagger.
The orc warrior hits you with a +0 morningstar!
* * * LOW HITPOINT WARNING * * *
An iguana comes into view.
The orc warrior attacks as you move away!
The orc warrior hits you with a +0 morningstar!
You die...

###...........## o#
#..............# o#
#..............# .#
#...########...# o#
#...# #...# .# #...#
#...# .# .#...#
#...###o# .#...#
#....o)o# ##...####
#...@####
........................
################.#######
#.# #.. ..# ... l..


You could see an orc warrior, an iguana (wandering), an orc wizard and an orc.

Vanquished Creatures
  2 black bears (D:4)
  An ogre (D:4)
  A necrophage (D:5)
  2 scorpions
  2 orc priests
  3 orc wizards
  Terence (D:3)
  Natasha (thrice) (D:2)
  Robin (D:2)
  2 adders
  An ufetubus (D:5)
  2 dart slugs (D:2)
  16 orcs
  5 ball pythons
  3 bats
  4 bat zombies (D:3)
  6 endoplasms
  6 giant cockroaches
  18 goblins
  5 hobgoblins
  5 kobolds
  2 quokkas
  A frilled lizard (D:1)
  7 rats
  A rat zombie (D:3)
100 creatures vanquished.

Vanquished Creatures (others)
  4 plants (D:1)
  5 toadstools (D:1)
9 creatures vanquished.

Grand Total: 109 creatures vanquished

Notes
Turn   | Place    | Note
-------+----------+-------------------------------------------
     0 | D:1      | raistware the Human Earth Elementalist began the quest for
                  | the Orb.
     0 | D:1      | Reached XP level 1. HP: 13/13 MP: 3/3
   166 | D:1      | Reached XP level 2. HP: 19/19 MP: 1/5
   169 | D:1      | Learned a level 2 spell: Passwall
   247 | D:1      | Found a faded altar of an unknown god.
   796 | D:2      | Identified the -2 helmet "Weubowush" {rElec}
   796 | D:2      | Noticed Robin
   901 | D:1      | Reached skill level 3 in Spellcasting
  1080 | D:2      | Reached XP level 3. HP: 24/24 MP: 5/7
  1438 | D:2      | Killed Robin
  1515 | D:2      | Reached XP level 4. HP: 26/30 MP: 6/9
  1528 | D:2      | Learned a level 3 spell: Stone Arrow
  1587 | D:2      | Noticed Natasha
  1593 | D:2      | Killed Natasha
  1912 | D:2      | Noticed Natasha
  1922 | D:2      | Killed Natasha
  1923 | D:2      | Reached skill level 4 in Spellcasting
  1923 | D:2      | Reached skill level 1 in Conjurations
  1923 | D:2      | Reached XP level 5. HP: 19/35 MP: 7/11
  1936 | D:2      | Noticed Natasha
  1939 | D:2      | Killed Natasha
  2452 | D:3      | Noticed Terence
  2465 | D:3      | Killed Terence
  3104 | D:3      | Reached XP level 6. HP: 41/41 MP: 9/12
  3106 | D:3      | Found an ancient bone altar of Kikubaaqudgha.
  3220 | D:4      | Noticed a black bear
  3232 | D:3      | Learned a level 4 spell: Petrify
  3438 | D:4      | Killed a black bear
  3439 | D:4      | Reached XP level 7. HP: 34/46 MP: 6/13
  4515 | D:4      | Learned a level 5 spell: Fireball
  4528 | D:5      | Entered Level 5 of the Dungeon
  4547 | D:5      | Noticed Grinder
  4580 | D:5      | Reached skill level 5 in Spellcasting
  5193 | D:5      | Reached XP level 8. HP: 52/52 MP: 10/15
  5250 | D:5      | Found a broken altar of Ashenzari.
  5290 | D:5      | Reached skill level 1 in Fire Magic
  5390 | D:5      | Mangled by an orc warrior

Illustrated notes

Levels and vault maps discovered:
D:1:      ldierk_walled_garden, layout_loops_ring,
          hellmonk_ecumenical_altar_run_dry
D:2:      layout_rooms, uniq_robin, uniq_natasha
D:3:      layout_loops_ring, lemuel_zombie_altar_kikubaaqudgha, uniq_terence
D:4:      layout_basic
D:5:      layout_basic, ashenzari_conservatory_becter, serial_corexii_hall,
          corexii_hall_statues_deadend, corexii_hall_statues_s,
          portal_sewer_entry_f, uniq_grinder, uniq_blork_the_orc

Skill      XL: |  1  2  3  4  5  6  7  8 |
---------------+-------------------------+-----
Spellcasting   | 3 4 5 |  5.1
Conjurations   | 1 2 3 |  3.3
Transmutations | 2 3 |  3.2
Earth Magic    | 4 |  4.0
Dodging        | 3 4 |  4.0
Fire Magic     | 1 |  1.3
Stealth        | |  2.0

Action                   |  1- 3 |  4- 6 |  7- 9 || total
-------------------------+-------+-------+-------++-------
Melee: Unarmed           |     1 |       |       ||     1
       Dagger            |    21 |    81 |    35 ||   137
       Punch             |       |     2 |       ||     2
Throw: Dart              |       |       |     6 ||     6
 Cast: Sandblast         |    33 |    39 |    38 ||   110
       Stone Arrow       |       |     4 |     4 ||     8
       Petrify           |       |       |     1 ||     1
  Use: Potion            |       |     1 |     1 ||     2
 Stab: Sleeping          |       |     1 |       ||     1
Armor: Robe              |     7 |    32 |    20 ||    59
Dodge: Dodged            |    38 |    73 |    24 ||   135
